 Dungeon Crawl Stone Soup version 0.21-a0-529-g8c7b3f5 (webtiles) character file.

2 slep the Chopper (level 1, -1/11 HPs)
             Began as a Vine Stalker Gladiator on Dec 12, 2017.
             Slain by a hobgoblin (3 damage)
             ... on level 1 of the Dungeon.
             The game lasted 00:00:17 (68 turns).

slep the Chopper (Vine Stalker Gladiator)             Turns: 68, Time: 00:00:17

Health: -1/11      AC:  4    Str: 16    XL:     1   Next: 30%
Magic:  0/2        EV: 12    Int:  8    God:
Gold:   8          SH:  0    Dex: 15    Spells: 0/0 levels left

rFire    . . .     SeeInvis .   a - +0 war axe
rCold    . . .     Gourm    .   (no shield)
rNeg     . . .     Faith    .   b - +0 leather armour
rPois    .         Spirit   +   c - +0 helmet
rElec    .         Reflect  .   (no cloak)
rCorr    .         Harm     .   (no gloves)
MR       .....                  (no boots)
Stlth    +.........             (no amulet)
HPRegen  0.03/turn              (no ring)
MPRegen  0.08/turn              (no ring)

@: no status effects
A: fangs 2, magic shield, antimagic bite, no potion heal 3, rot immunity
a: no special abilities


You were on level 1 of the Dungeon.
You were not hungry.

You visited 1 branch of the dungeon, and saw 1 of its levels.

You collected 8 gold pieces.

Inventory:

Hand Weapons
 a - a +0 war axe (weapon)
Missiles
 d - 3 throwing nets (quivered)
Armour
 b - a +0 leather armour (worn)
 c - a +0 helmet (worn)
 g - a +0 hat
Scrolls
 h - a scroll of identify {unknown}
 i - a scroll of magic mapping {unknown}
 j - a scroll of noise {unknown}
Potions
 e - a potion of curing {unknown}
Comestibles
 f - a bread ration


   Skills:
 + Level 1.8 Fighting
 + Level 2.6 Axes
 + Level 1.7 Throwing
 + Level 2.5 Dodging


You couldn't memorise any spells.
You didn't know any spells.

Dungeon Overview and Level Annotations

Branches:
Dungeon (1/15)

Altars:


Innate Abilities, Weirdness & Mutations

You have extremely sharp teeth.
When hurt, damage is shared between your health and your magic reserves.
Your bite disrupts and absorbs the magic of your enemies.
Potions cannot restore your health.
You are immune to rotting.


Message History

The hobgoblin closely misses you.
You closely miss the hobgoblin. The hobgoblin barely misses you.
You closely miss the hobgoblin.
You bite the hobgoblin, but do no damage.
The hobgoblin completely misses you.
You hit the hobgoblin. Your bite misses the hobgoblin.
The hobgoblin is lightly wounded.
You miss the goblin. The hobgoblin hits you.
The goblin hits you but does no damage.
The hobgoblin hits you but does no damage.
You hit the goblin but do no damage. You bite the goblin. You drain its power.
The goblin is heavily wounded.
You hit the hobgoblin. The goblin barely misses you. The hobgoblin hits you.
The goblin closely misses you.
You slash the goblin!
You kill the goblin!
You barely miss the hobgoblin. The hobgoblin hits you.
* * * LOW HITPOINT WARNING * * *
The hobgoblin hits you.
You die...

######.## ..........
#...# ........... #...#
#...#...... #...#
.#...#....#.. #...#
..#...#..#... #...#
...#.#.##.... #...#
....#...#.#.. #g..#
.#.#.....#...##.@.#
..#.....#.#.#.#.#)....#
...#.<.#...#....#.#.#.#
#...#.#...#.#.#.#.# #
.#...#...#....#.#.#
..#.#...#.....#.#.#
...#...##.....#...#
..#.#.#..#....#....
.#...#....#...#...


You could see a hobgoblin.

Vanquished Creatures
  A goblin (D:1)
  A frilled lizard (D:1)
2 creatures vanquished.

Notes
Turn   | Place    | Note
-------+----------+-------------------------------------------
     0 | D:1      | slep the Vine Stalker Gladiator began the quest for the Orb.
     0 | D:1      | Reached XP level 1. HP: 11/11 MP: 2/2
    68 | D:1      | Slain by a hobgoblin

Vault maps used:
D:1:      matt_arrival_diagonals, st_stairs_10, minmay_misc_feat_iff,
          doesnt_xom_only_xom

Action                   || total
-------------------------++-------
Melee: War axe           ||     8
       Bite              ||     4
Armor: Leather armour    ||     3
Dodge: Dodged            ||     7

Table legend:
 A = Spawn XP
 B = Non-spawn XP
 C = Spawn XP percentage of total XP
 D = Spawn monster count
 E = Non-spawn monster count
 F = Spawn count percentage of total count
 G = Total turns spent on level
                    A         B        C        D         E        F      G
               +---------+---------+-------+---------+---------+-------+---------
         Total |       0 |       3 |   0.0 |       0 |       2 |   0.0 |    68
               +---------+---------+-------+---------+---------+-------+---------
           D:1 |       0 |       3 |   0.0 |       0 |       2 |   0.0 |    68
               +---------+---------+-------+---------+---------+-------+---------
